[Event "Champions Chess Tour Chessable Masters 2023"]
[Site "Chess.com"]
[Date "2023.04.03"]
[Round "1"]
[White "Carlsen, Magnus"]
[Black "Artemiev, Vladislav"]
[Result "0-1"]
[WhiteElo "2852"]
[BlackElo "2701"]
[ECO "A11"]
[EventDate "2023.??.??"]
[Annotator "rafael"]
[PlyCount "110"]
[Beauty "6666191898121"]
[EventType "team-tourn"]
[TimeControl "900+3"]

1.Nf3 Nf6 2.g3 g6 3.Bg2 Bg7 4.O-O O-O 5.c4 c6 6.b3 Ne4 7.d4 d5 8.Bb2 {An opening system that leads to positional play and a technical position that appeals to both players. By the way, Carlsen and Artemiev have a very similar style of play.} 8...a5 {The plan with a5-a4 is typical in these positions. Black has other viable alternatives.} ( 8...Bf5 ) ( 8...Nd7 ) 9.Nc3 ( 9.e3 {was played when Artemiev had the white position. After} 9...a4 10.Nfd2 Nxd2 11.Qxd2 axb3 12.axb3 Rxa1 13.Bxa1 Be6 {The position was roughly equal in Artemiev-Mamedyarov, Airthings Masters 2022.} ) 9...Nxc3 ( 9...Bf5 10.e3 Nxc3 11.Bxc3 Be4 12.Qe2 a4 13.Rfc1 {this was Carlsen-Nepomniachtchi, Stavanger (blitz) 2021.} ) 10.Bxc3 Nd7 11.cxd5 {This is a debatable decision since Black's position is a little freer now.} ( 11.Rc1 {was tried in Inarkiev-Vachier-Lagrave, Germany 2019.} ) 11...cxd5 12.Rc1 Nf6 13.Ne5 Ne4 14.Bb2 Bf5 {Black has no problems. All of his pieces are well developed and the a5-a4 break can bother White.} 15.e3 Re8 {This move isn't bad, but it's a little mysterious. Perhaps the idea is to avoid a knight leap to d7 after the queen goes to b6.} ( 15...Qb6 ) 16.a4 {A good move, preventing a5-a4.} 16...Qb6 17.Ba3 $6 {[%c_effect a3;square;a3;type;Inaccuracy;persistent;true] This is inaccurate.} ( 17.f3 Nd6 18.g4 $1 Be6 19.Nd3 {White has knocked the black pieces out of their good positions and prepares to put the knight on c5. The position is balanced.} ) 17...Rac8 $1 {[%c_effect c8;square;c8;type;GreatFind;persistent;true] Black is not worried about the e7-pawn.} 18.Bxe4 $6 ( 18.Rxc8 {It's more precise to exchange rooks first.} 18...Rxc8 19.Bxe4 ( 19.Bxe7 $2 Nc3 {The queenside pawns fall.} ) 19...dxe4 $5 ( 19...Bxe4 20.Nd7 Qc7 21.Nc5 Bf5 22.g4 Bd7 {with a slight advantage for Black.} ) 20.Nc4 {White is in the game, although I prefer Black.} ) 18...Rxc1 $1 19.Qxc1 Bxe4 20.f3 ( 20.Nd7 Qd8 $1 ( 20...Qxb3 {is not so good because of} 21.Nc5 ) 21.Nc5 Bf3 {The light-squared bishop is very dangerous.} ) 20...Bf5 21.g4 Rc8 $6 {[%c_effect c8;square;c8;type;Inaccuracy;persistent;true] After this move Carlsen gets good drawing chances in a rook endgame.} ( 21...Bxe5 $1 {[%c_effect e5;square;e5;type;GreatFind;persistent;true] is stronger.} 22.dxe5 ( 22.gxf5 Bd6 23.Bxd6 exd6 24.fxg6 hxg6 25.Qc3 Qd8 {Black is much better since white's pawn structure is very weak.} ) 22...Bd3 23.Rf2 Qxb3 {Black is a pawn up, although with bishops of opposite colors things are never easy.} ) 22.Bc5 Qc7 23.gxf5 Bxe5 24.dxe5 Qxc5 25.Qxc5 Rxc5 26.f6 ( 26.fxg6 {is also enough for a draw.} 26...fxg6 {I like this capture to open the path for the king.} 27.Rb1 $1 {[%c_effect b1;square;b1;type;GreatFind;persistent;true] followed by b4 and White should have no problems to achieve a draw.} ) 26...exf6 27.exf6 Rc6 28.Rd1 ( 28.Kf2 {gives White enough counterplay after} 28...Rxf6 29.Rc1 $1 Rd6 ( 29...Rb6 30.Rc5 Rxb3 31.Rxa5 ) 30.Rc5 b6 31.Rb5 Kg7 32.b4 axb4 33.Rxb4 Kf6 34.Rb5 Ke6 35.a5 bxa5 36.Rxa5 {with excellent drawing chances.} ) 28...Rxf6 29.Rxd5 $6 ( 29.Kf2 {is good again:} 29...Rd6 30.Rd4 f5 ( 30...Kf8 31.e4 Ke7 32.b4 ( 32.exd5 $6 Rb6 {is dangerous for White.} ) 32...b6 33.exd5 {with a draw.} ) 31.b4 b6 32.e4 $1 fxe4 33.fxe4 Rf6+ 34.Kg3 dxe4 35.Rxe4 {and the draw is near.} ) 29...Rxf3 30.Rxa5 Rxe3 31.Rb5 Re7 {This is much more difficult for White to defend, although the computer still claims a draw. The players were in big time trouble at this point, so it was impossible to play correctly.} 32.Rb6 $2 {[%c_effect b6;square;b6;type;Mistake;persistent;true] This is a bad square for the rook.} ( 32.a5 Kg7 33.b4 f5 34.Rc5 $1 {[%c_effect c5;square;c5;type;GreatFind;persistent;true] White's counterplay is connected with b5-b6-Rc7.} ) 32...Kg7 33.a5 f5 34.b4 Kh6 {Black's position is winning now.} 35.Kf2 Kh5 $1 36.b5 ( 36.Kg3 g5 ) 36...g5 37.a6 ( 37.Rd6 {gives better practical chances.} ) 37...bxa6 38.bxa6 Re5 $1 {[%c_effect e5;square;e5;type;GreatFind;persistent;true] The classic rule \"place the rook behind the passed pawn\" applies here.} 39.a7 Ra5 40.Rb7 h6 41.Rh7 Kg6 42.Rb7 Ra3 43.Rc7 {The only thing left is to advance the passed pawns. But the adventures are not over.} 43...f4 $2 ( 43...g4 $1 {[%c_effect g4;square;g4;type;GreatFind;persistent;true] is the right way.} ) 44.Rb7 $2 {[%c_effect b7;square;b7;type;Mistake;persistent;true] Missing a golden chance.} ( 44.h3 $1 Kh5 ( 44...h5 45.Rc6+ Kf5 46.Rc5+ Ke4 47.Rxg5 Rxa7 48.Rxh5 Ra2+ 49.Kg1 Kf3 50.Rf5 {with a known theoretical draw.} 50...Ra1+ 51.Kh2 Ke3 52.Kg2 ) 45.Rh7 $1 {[%c_effect h7;square;h7;type;GreatFind;persistent;true] The pawns cannot easily advance and the king cannot hide from the checks. White sets a fortress since there's no winning plan.} ) 44...Kh5 45.Rh7 Kg6 ( 45...g4 $1 {[%c_effect g4;square;g4;type;GreatFind;persistent;true] wins easily.} ) 46.Rb7 Kf5 $2 47.Rh7 $2 ( 47.h3 $1 {[%c_effect h3;square;h3;type;GreatFind;persistent;true] is a draw again.} ) 47...Ra2+ 48.Kf1 ( 48.Kf3 g4# ) 48...Kg6 49.Rb7 Kh5 50.Rh7 g4 $1 {[%c_effect g4;square;g4;type;GreatFind;persistent;true] Artemiev finally goes the right way.} 51.Rf7 Kg5 52.Kg1 h5 53.Rg7+ Kh4 54.Rf7 Ra1+ 55.Kf2 Kh3 0-1

[Event "Champions Chess Tour Chessable Masters 2023"]
[Site "Chess.com"]
[Date "2023.04.04"]
[Round "2"]
[White "Artemiev, Vladislav"]
[Black "Caruana, Fabiano"]
[Result "1/2-1/2"]
[WhiteElo "2701"]
[BlackElo "2764"]
[ECO "D02"]
[EventDate "2023.??.??"]
[Annotator "rafael"]
[PlyCount "103"]
[Beauty "5499839866923"]
[EventType "team-tourn"]
[TimeControl "900+3"]

1.d4 Nf6 2.Nf3 d5 3.c3 c6 4.Bf4 Nh5 {A provocative and rare move.} 5.Bg5 ( 5.Be5 $5 Nd7 6.e3 $1 {[%c_effect e3;square;e3;type;GreatFind;persistent;true] Perhaps this is the most accurate sequence to fight for an advantage. White wants to capture with the pawn on e5 and exploit the displaced knight on h5.} ) 5...h6 6.Bh4 Bf5 {A new move. Caruana had the chance to play g5 a few times, a natural move, but he probably wanted to avoid weaknesses as he just needed a draw.} ( 6...g5 $5 7.Bg3 Nxg3 8.hxg3 Bg7 {With a typical positional struggle, Black has the pair of bishops for the price of the over-advanced g-pawn.} ) 7.e3 Nd7 8.Be2 Nhf6 {A solid move instead of the aforementioned g7-g5.} 9.c4 e6 10.Nc3 Bd6 ( 10...dxc4 {Capturing the pawn immediately is possible to avoid what Artemiev played in the game.} ) 11.c5 $5 {[%c_effect c5;square;c5;type;Interesting;persistent;true] Changing the character of the match. White now wants to advance on the queenside.} 11...Be7 {It's hard to say if the bishop is better on e7 or c7.} ( 11...Bc7 {This looks more natural to me, whatever this means.} 12.b4 ) 12.Nd2 ( 12.b4 {is more accurate.} ) 12...O-O ( 12...e5 $1 {[%c_effect e5;square;e5;type;GreatFind;persistent;true] Black can seize the opportunity to play this typical breakthrough with equality.} ) 13.Bg3 b6 14.b4 a5 $1 {[%c_effect a5;square;a5;type;GreatFind;persistent;true] This is a very good plan, exchanging queenside pawns to reduce weaknesses.} 15.a3 axb4 16.axb4 bxc5 17.bxc5 e5 $1 18.Nf3 {The most dangerous move in a rapid game, as Black needs to find a tactical solution.} ( 18.dxe5 Nh7 {Black will capture on c5 with a good position.} ( 18...Ne8 {is also possible.} ) ) ( 18.O-O exd4 19.exd4 Re8 {Followed by Nf8-e6 with good play.} ) 18...e4 $2 {[%c_effect e4;square;e4;type;Mistake;persistent;true] Of course, Caruana knows the risks of opening the g3-bishop, but he probably didn't see an alternative.} ( 18...exd4 $1 19.Nxd4 Bxc5 $1 {[%c_effect c5;square;c5;type;GreatFind;persistent;true] He probably missed this move, which solves the problems.} 20.Nxf5 Bb4 {This is the point: the knight is pinned.} 21.O-O ( 21.Rc1 Bxc3+ 22.Rxc3 Qa5 {is dangerous for White.} ) 21...Bxc3 22.Rxa8 Qxa8 23.Qc2 {White has enough compensation to equalize the game.} ) 19.Nd2 {Now Artemiev has a clear advantage, as his pieces can invade the queenside and the c6-pawn is a big weakness.} 19...Re8 20.O-O Nf8 21.Qb3 Qd7 22.Na4 {White's moves are natural and easy.} 22...Qe6 23.Nb6 Rxa1 24.Rxa1 h5 {Caruana desperately needs to create some attack.} 25.Ra6 ( 25.Na8 $5 {[%c_effect a8;square;a8;type;Interesting;persistent;true] is a curious move suggested by the machine. The knight can go to c7 and gives space to the queen as well.} 25...Qd7 26.Qb6 ) 25...Ng6 26.h4 $6 ( 26.h3 $1 {[%c_effect h3;square;h3;type;GreatFind;persistent;true] The pawn should go to h3. It's understandable that Artemiev was wary of sacrifices on h3 at some point, but the computer is unimpressed.} 26...Bxh3 27.gxh3 Qxh3 28.Qd1 {White should convert the material advantage.} ) 26...Ng4 27.Nxd5 $1 {[%c_effect d5;square;d5;type;GreatFind;persistent;true] The best chance, otherwise Black has serious counterplay.} 27...Qxd5 28.Bc4 Qd7 29.Bxf7+ Kh7 30.Bxe8 Qxe8 {A position with a material imbalance that is difficult to assess and play. White has the advantage but needs to play with great precision.} 31.Qb7 ( 31.Qa2 $1 {[%c_effect a2;square;a2;type;GreatFind;persistent;true] is the best move, preparing the invasion of the heavy pieces with Ra8 and Qg8.} ) 31...Bxh4 {Now Black has enough play to keep the game balanced.} 32.Bxh4 {The alternatives are not enough for an advantage.} ( 32.Qxc6 Qe7 ) ( 32.Ra7 Bf6 ) 32...Nxh4 33.g3 ( 33.Ra8 $1 {[%c_effect a8;square;a8;type;GreatFind;persistent;true] is a better chance, although the endgame is more or less equal after} 33...Qe6 34.Qb3 Nf6 35.Qxe6 Bxe6 ) 33...Qf8 $1 {[%c_effect f8;square;f8;type;GreatFind;persistent;true] An excellent tactical move that poses difficult problems for White.} 34.Qc7 $2 {[%c_effect c7;square;c7;type;Mistake;persistent;true] This is a blunder. White has two ways to achieve a draw, although this wouldn't have been enough anyway.} ( 34.gxh4 $2 {[%c_effect h4;square;h4;type;Mistake;persistent;true] loses to} 34...Bc8 {with a double attack on the queen and the f2-pawn.} ) ( 34.Qxc6 Bc8 $1 35.Qxe4+ Kh8 36.f3 $1 Nxf3+ 37.Qxf3 Qxf3 38.Nxf3 Bxa6 39.d5 {The pawns save the position, and the game should end in a draw.} ) ( 34.Ra8 Qf6 35.Qb8 Ng6 36.Qg8+ Kh6 37.Qd8 $1 Qf7 38.Qg8 {with move repetition.} ) 34...Bc8 $1 {[%c_effect c8;square;c8;type;GreatFind;persistent;true] In a normal game, Artemiev would resign right here, but this is the last one in the match, and a victory for Black and a draw mean the same thing.} 35.Qf4 Qxf4 36.exf4 Bxa6 37.gxh4 Nf6 38.f5 Bc8 39.Nc4 Bxf5 40.Ne5 Bd7 41.Kg2 Be8 42.Kg3 Nd5 43.Nc4 Kg6 44.Nd6 Nf6 45.Kf4 Bf7 46.Nc8 Bd5 47.Ke5 Kf7 ( 47...Ng4+ {Wins easily, as the f2-pawn falls.} ) 48.Nd6+ Ke7 49.Nf5+ Kf7 50.Nd6+ Ke7 51.Nf5+ Kf7 52.Nd6+ 1/2-1/2